 Dungeon Crawl Stone Soup version 0.21-a0-538-gd16b88a (webtiles) character file.

71 Gildeon the Chopper (level 4, -1/38 HPs)
             Began as a Draconian Fighter on Dec 16, 2017.
             Slain by a gnoll
             ... wielding a +0 spear
              (6 damage)
             ... on level 2 of the Dungeon.
             The game lasted 00:04:13 (1717 turns).

Gildeon the Chopper (Draconian Fighter)             Turns: 1717, Time: 00:04:15

Health: -1/38      AC:  5    Str: 18    XL:     4   Next: 5%
Magic:  4/4        EV: 10    Int: 10    God:
Gold:   52         SH:  8    Dex: 10    Spells: 3/3 levels left

rFire    . . .     SeeInvis .   a - +0 war axe
rCold    . . .     Gourm    .   b - +0 shield
rNeg     . . .     Faith    .   (armour unavailable)
rPois    .         Spirit   .   (helmet restricted)
rElec    .         Reflect  .   (no cloak)
rCorr    .         Harm     .   (no gloves)
MR       .....                  (no boots)
Stlth    +.........             (no amulet)
HPRegen  0.12/turn              (no ring)
MPRegen  0.09/turn              (no ring)

@: no status effects
A: unfitting armour, cold-blooded, AC +5
a: no special abilities


You were on level 2 of the Dungeon.
You were not hungry.

You visited 1 branch of the dungeon, and saw 2 of its levels.

You collected 52 gold pieces.

Inventory:

Hand Weapons
 a - a +0 war axe (weapon)
Armour
 b - a +0 shield (worn)
Scrolls
 e - a scroll of enchant armour {unknown}
 g - a scroll of teleportation {unknown}
 h - 2 scrolls of identify {unknown}
 l - a scroll of enchant weapon {unknown}
Potions
 c - 4 potions of might
 f - a potion of cancellation {unknown}
 j - 2 potions of haste
 k - a potion of invisibility {unknown}
Comestibles
 i - a meat ration


   Skills:
 - Level 3.2 Fighting
 + Level 4.4 Axes
 - Level 2.6 Dodging
 - Level 3.0 Shields


You had 3 spell levels left.
You didn't know any spells.

Dungeon Overview and Level Annotations

Branches:
Dungeon (2/15)

Altars:


Innate Abilities, Weirdness & Mutations

Your plain brown scales are hard. (AC +5)
You cannot fit into any form of body armour.
You are cold-blooded and may be slowed by cold attacks.


Message History

You block the gnoll's attack.
You barely miss the gnoll. The gnoll misses you. The gnoll closely misses you.
You closely miss the gnoll.
The gnoll hits you with a halberd of chopping!
You block the gnoll's attack. x2
You hit the gnoll but do no damage. You tail-slap the gnoll.
The gnoll is moderately wounded.
The gnoll hits you from afar with a spear!
You block the gnoll's attack. The gnoll hits you but does no damage.
You closely miss the gnoll.
The gnoll is moderately wounded.
The gnoll hits you from afar with a spear.
* * * LOW HITPOINT WARNING * * *
The gnoll hits you with a halberd of chopping.
* * * LOW HITPOINT WARNING * * *
x2 You barely miss the gnoll.
The gnoll is moderately wounded.
You block the gnoll's attack. x2
The gnoll hits you from afar with a spear.
You die...

.+ #...)...# .#
#.......# #####
######.......#
.....
#............#
#####
#......#######
.#......#
........#
#.......########
#........@ggg..#
.#......######.#
#..#)...
##.#...# # #.#.#
..... ...#.# #..
..


You could see 3 gnolls.

Vanquished Creatures
  A gnoll (D:2)
  An adder (D:2)
  An ooze (D:2)
  2 worms (D:2)
  2 dart slugs (D:1)
  A leopard gecko (D:1)
  5 bats
  3 giant cockroaches (D:1)
  3 goblins (D:1)
  8 hobgoblins
  A frilled lizard (D:2)
  3 kobolds
  5 rats
36 creatures vanquished.

Notes
Turn   | Place    | Note
-------+----------+-------------------------------------------
     0 | D:1      | Gildeon the Draconian Fighter began the quest for the Orb.
     0 | D:1      | Reached XP level 1. HP: 19/19 MP: 1/1
   155 | D:1      | Reached XP level 2. HP: 21/26 MP: 2/2
   285 | D:1      | Reached skill level 3 in Axes
   667 | D:1      | Reached XP level 3. HP: 31/31 MP: 3/3
  1017 | D:2      | Reached skill level 4 in Axes
  1527 | D:2      | Reached XP level 4. HP: 16/38 MP: 4/4
  1717 | D:2      | Slain by a gnoll

Vault maps used:
D:1:      giann_forest_graveyard

Skill      XL: |  1  2  3 |
---------------+----------+-----
Axes           | 3 4 |  4.4
Fighting       | |  3.2
Dodging        | |  2.6
Shields        | |  3.0

Action                   |  1- 3 |  4- 6 || total
-------------------------+-------+-------++-------
Melee: War axe           |   101 |     5 ||   106
       Tailslap          |     8 |     1 ||     9
 Stab: Sleeping          |     1 |       ||     1
  Eat: Bread ration      |     1 |       ||     1
       Chunk             |     1 |       ||     1
Armor: Skin              |    36 |     1 ||    37
Dodge: Dodged            |    45 |     3 ||    48
Block: Shield            |    34 |     6 ||    40

Table legend:
 A = Spawn XP
 B = Non-spawn XP
 C = Spawn XP percentage of total XP
 D = Spawn monster count
 E = Non-spawn monster count
 F = Spawn count percentage of total count
 G = Total turns spent on level
                    A         B        C        D         E        F      G
               +---------+---------+-------+---------+---------+-------+---------
         Total |       0 |     102 |   0.0 |       0 |      36 |   0.0 |  1717
               +---------+---------+-------+---------+---------+-------+---------
           D:1 |       0 |      47 |   0.0 |       0 |      24 |   0.0 |   974
           D:2 |       0 |      55 |   0.0 |       0 |      12 |   0.0 |   743
               +---------+---------+-------+---------+---------+-------+---------
